Unix xNetHack Version 7.1.0 - last build Jun 10 2022 16:52:22 (33bbff3b7d1ce07880d5c4b1c5efc7e91935e5b9). Game began 2022-07-03 20:27:06, ended 2022-07-03 20:44:22. nmlkj, chaotic male human Wizard ------------ --.---- |..........| --------######......| |..........| ##........# |.....| |..........| # |......| |.....| #.......)....###*############# ### |......| |.....| #-|---------- # |......+ --.---- ## #### # |......| @ # # ## -------- a ## ### # # ##### # ### --.------- # # |........|# # --.-+-- # |..%^.....##### # . |.:...|## |........|# # --------## . |......# |........|# ######|.......# . |...<.| |........|# |......| . ------- |........|##########.......| . ---------- |).....| . -------- --- Nmlkj the Thaumaturge St:11 Dx:10 Co:18 In:16 Wi:11 Ch:10 Chaotic S:2650 Dlvl:10 $:344 HP:0(53) Pw:47(58) AC:6 Xp:6/454 T:1978 Satiated Latest messages: In what direction? l The boulder falls apart. You see here 18 rocks. The goblin picks up a corroded crossbow bolt. In what direction? l In what direction? h The goblin picks up 2 corroded crossbow bolts. You see here 18 rocks. The goblin wields a crossbow! The goblin shoots a crossbow bolt! You are hit by a crossbow bolt. In what direction? h The spell hits the goblin! You kill the goblin! You see here 18 rocks. You see here 18 rocks. The door opens. In what direction? j The spell hits the shrieker! You kill the shrieker! You see here a shrieker corpse. There is a shrieker corpse here; eat it? [ynq] (n) y This shrieker corpse tastes okay. You're having a hard time getting all of it down. Continue eating? [yn] (n) n You stop eating the shrieker corpse. You fall into a pit! You are still in a pit. You are still in a pit. You are still in a pit. You are still in a pit. You are still in a pit. You are still in a pit. You crawl to the edge of the pit. You hear water falling on coins. $ - 57 gold pieces {0}. $ - 31 gold pieces {0}. The soldier ant bites! The soldier ant stings! In what direction? j The spell misses the soldier ant. The soldier ant bites! The soldier ant stings! The soldier ant bites! The soldier ant stings! In what direction? j The spell misses the soldier ant. The soldier ant bites! The soldier ant stings! You die... Major events: Turn 1: nmlkj the chaotic male human Wizard entered the dungeon 441: attained the rank of Conjurer (level 3) 1635: attained the rank of Thaumaturge (level 6) 1978: killed by a soldier ant Inventory: Inventory: 695/775 weight (28/52 slots) Coins $ - 344 gold pieces {3} Weapons p - 8 +0 platinum arrows {8} v - 8 blessed poisoned +1 crossbow bolts (in quiver pouch) {8} w - a blessed +0 crossbow (weapon in hand) {50} r - a +0 dagger {10} a - a blessed +1 quarterstaff {40} Armor E - a cursed -1 pair of levitation boots {15} b - an uncursed +1 cloak of magic resistance (being worn) {8} s - an uncursed -2 mithril elven ring mail (being worn) {88} Comestibles t - an uncursed banana {2} m - 3 uncursed food rations {60} o - an uncursed lichen corpse {20} Scrolls D - a cursed scroll of confuse monster {5} Spellbooks f - an uncursed spellbook of create monster {40} c - a blessed spellbook of force bolt {35} e - an uncursed spellbook of healing {35} d - a blessed spellbook of magic missile {40} Potions x - an uncursed potion of blindness {20} y - an uncursed potion of gain ability {20} l - an uncursed potion of hallucination {20} z - an uncursed potion of monster detection {20} C - an uncursed potion of sickness {20} Rings j - an uncursed ring of poison resistance {3} G - an uncursed ring of teleport control {3} Tools h - an uncursed blindfold {2} g - a magic marker (0:99) {2} B - a +0 silver pick-axe {112} q - an uncursed towel {5} Gems/Stones F - an uncursed worthless piece of yellow glass {1} Nmlkj the Wizard's attributes: Background: You were a Thaumaturge, a level 6 male human Wizard. You were chaotic, nominally on a mission for Anhur who was opposed by Ptah (lawful) and Thoth (neutral). You were heterosexual. You were in the Dungeons of Doom, on level 10. You entered the dungeon 1978 turns ago. You had 454 experience points, 186 more were needed to attain level 7. Your score was 2650 before end-of-game adjustments. Basics: You had 0 out of 53 hit points. You had 47 out of 58 energy points (spell power). Your armor class was 6. Your wallet contained 344 zorkmids. Autopickup was on for '$"?+!=/' plus thrown. Final Characteristics: Your strength was 11 (limit:18/100). Your dexterity was 10 (limit:18). Your constitution was 18 (limit:18). Your intelligence was 16 (limit:18). Your wisdom was 11 (limit:18). Your charisma was 10 (limit:18). Final Status: You were satiated. You were unencumbered. You were wielding a crossbow. You had no skill with crossbow. Final Attributes: You were devoutly aligned. You were magic-protected. You were telepathic. You would have confused monsters when hitting them. You were guarded. You are dead. Miscellaneous: You never encountered a bones level. Total elapsed playing time was 17 minutes and 16 seconds. Vanquished creatures: a small mimic a leprechaun a lizard 2 plains centaurs an orc shaman a yellow light a shrieker a paper golem 2 floating eyes a kobold shaman a hill orc 2 centipedes a monkey 4 orc zombies a wererat 2 iguanas a hobbit 3 giant rats a brown mold a green mold a gnome 2 geckos 2 jackals a fox 5 goblins 2 grid bugs 3 lichens a kobold zombie 2 newts 48 creatures vanquished. No species were genocided or became extinct. Voluntary challenges: You were an atheist. You read items or engraved 6 times. You never genocided any monsters. You never polymorphed an object. You never changed form. You never touched an artifact. You used no wishes. You never owned a pet. You never scared an enemy with impunity. You were celibate. You never generated conflict. Achievements: You attained the rank of Conjurer. You attained the rank of Thaumaturge. The Dungeons of Doom: levels 1 to 10 Level 1: A fountain. Level 2: A fountain. Level 3: Level 4: A fountain. Level 5: Many fountains, many trees. Oracle of Delphi. Level 6: A sink. Level 7: Level 8: Level 9: Level 10: <- You were here. Final resting place for you, killed by a soldier ant. Game over: __________ / \ / REST \ / IN \ / PEACE \ / \ | nmlkj | | 344 Au | | killed by a | | soldier ant | | | | | | 2022 | *| * * * | * _________)/\\_//(\/(/\)/\//\/|_)_______ Goodbye nmlkj the Wizard... You died in The Dungeons of Doom on dungeon level 10 with 2616 points, and 344 pieces of gold, after 1978 moves. You were level 6 with a maximum of 53 hit points when you died.